 Dungeon Crawl Stone Soup version 0.31-a0-466-g98c9adc2b6 (webtiles) character file.

Game seed: 1829732546464098190

265 horus123 the Trooper (level 6, 0/56 HPs)
             Began as a Hill Orc Fighter on Aug 6, 2023.
             Slain by an ice beast (1 damage)
             ... on level 1 of the Abyss.
             The game lasted 00:06:01 (3194 turns).

horus123 the Trooper (Hill Orc Fighter)             Turns: 3194, Time: 00:06:02

Health: 0/56       AC:  5    Str: 19    XL:     6   Next: 20%
Magic:  9/9        EV: 11    Int: 10    God:
Gold:   96         SH:  0    Dex: 10    Spells: 6/9 levels left

rFire   . . .        a - +0 flail
rCold   . . .        (no shield)
rNeg    . . .        n - +0 leather armour
rPois   .            r - +0 helmet
rElec   .            (no cloak)
rCorr   .            (no gloves)
SInv    +            s - +0 pair of boots
Will    .....        q - amulet of magic regeneration
Stlth   +            w - ring of see invisible
HPRegen 0.29/turn    (no ring)
MPRegen 0.51/turn

%: no passive effects
@: no status effects
A: no striking features
a: no special abilities


You were on level 1 of the Abyss.
You visited 1 branch of the dungeon, and saw 4 of its levels.
You visited the Abyss 1 time.

You collected 96 gold pieces.

Inventory:

Hand Weapons
 a - a +0 flail (weapon)
Armour
 b - a +0 scale mail
 c - a +0 buckler
 n - a +0 leather armour (worn)
 r - a +0 helmet (worn)
 s - a +0 pair of boots (worn)
 u - an orb of wrath
Jewellery
 q - an amulet of magic regeneration (around neck)
 w - a ring of see invisible (left hand)
Scrolls
 e - a scroll of noise {unknown}
 f - a scroll of enchant weapon {unknown}
 i - 2 scrolls of identify {unknown}
 k - a scroll of teleportation {unknown}
 l - 3 scrolls of fog {unknown}
 o - a scroll of revelation {unknown}
Potions
 d - a potion of ambrosia {unknown}
 g - a potion of lignification {unknown}
 h - 2 potions of attraction {unknown}
 j - a potion of curing {unknown}
 m - a potion of haste {unknown}
 p - a potion of heal wounds {unknown}
 t - a potion of degeneration {unknown}
 v - a potion of brilliance {unknown}


   Skills:
 - Level 5.0 Fighting
 - Level 2.1 Maces & Flails
 - Level 3.2 Armour
 - Level 3.2 Shields
 - Level 2.0 Spellcasting
 + Level 3.7 Poison Magic


You had 6 spell levels left.
You knew the following spells:

 Your Spells              Type           Power      Damage    Failure   Level
a - Sting                 Tmut/Pois      16%        1d3       17%         1
b - Poisonous Vapours     Pois/Air       8%         N/A       26%         2

Your spell library contained the following spells:

 Spells                   Type           Power      Damage    Failure   Level
 Mephitic Cloud           Conj/Pois/Air  3%         N/A       56%         3
 Olgreb's Toxic Radiance  Pois           8%         N/A       63%         4
 Freezing Cloud           Conj/Ice/Air   0%         6-21      100%        5


Dungeon Overview and Level Annotations

Branches:
Dungeon (4/15)
 Temple: D:4-7

Altars:

Annotations:
D:3 Edmund


Message History

A tentacled starspawn comes into view.
You closely miss the ynoxinul.
The ynoxinul is heavily wounded.
The ice beast hits you but does no damage.
The ynoxinul gestures. x2
The ice beast closely misses you.
You barely miss the ynoxinul.
The ynoxinul is heavily wounded.
The ice beast hits you. The ice beast freezes you! The ynoxinul hits you!
The neqoxec gestures at you.
Something tries to feed on your intellect!
You hit the ynoxinul but do no damage.
The ynoxinul is heavily wounded.
The ice beast closely misses you. The ynoxinul misses you.
You sock the ynoxinul!
The ynoxinul is severely wounded.
The ice beast closely misses you.
The ynoxinul gestures.
The ice beast closely misses you. The ynoxinul hits you!
The ice beast barely misses you.
The ynoxinul gestures.
You start putting on your armour.
You continue putting on your orb of wrath.
The ice beast closely misses you. The ynoxinul hits you.
Keep equipping yourself?
* * * LOW HITPOINT WARNING * * *
You continue putting on your orb of wrath.
The ice beast closely misses you. The ynoxinul gestures at you.
The entropic shot misses you.
You continue putting on your orb of wrath.
The ice beast hits you.
* * * LOW HITPOINT WARNING * * *
The ice beast freezes you!
* * * LOW HITPOINT WARNING * * *
The ynoxinul hits you.
* * * LOW HITPOINT WARNING * * *
You continue putting on your orb of wrath.
The ice beast hits you.
You die...

..# #
##.#
..#.
#... #
## #
#.####
#'# .#
##.
.##3#
'...
.X#
##.#.#
5# #
##Y#5#
#@35X#
######


You could see a tentacled starspawn, a large abomination, a neqoxec, a ynoxinul,
an ice beast and 3 ufetubi.

Vanquished Creatures
  A phantom (D:3)
  A hound (D:3)
  2 adders (D:2)
  4 gnolls (D:3)
  3 worms (D:2)
  An orc (D:3)
  5 ball pythons
  7 endoplasms
  4 giant cockroaches
  4 goblins
  8 hobgoblins
  7 jackals
  5 quokkas
  2 bats
  4 frilled lizards
  7 kobolds
  29 rats
94 creatures vanquished.

Notes
Turn   | Place    | Note
-------+----------+-------------------------------------------
     0 | D:1      | horus123 the Hill Orc Fighter began the quest for the Orb.
     0 | D:1      | Reached XP level 1. HP: 19/19 MP: 1/1
   367 | D:1      | Reached skill level 4 in Fighting
   404 | D:1      | Reached XP level 2. HP: 27/27 MP: 2/2
   807 | D:2      | Reached XP level 3. HP: 34/35 MP: 3/3
   810 | D:2      | Reached skill level 5 in Fighting
   818 | D:2      | Learned a level 1 spell: Sting
  1154 | D:2      | Reached skill level 1 in Spellcasting
  1233 | D:2      | Found a faded altar of an unknown god.
  1311 | D:1      | Reached XP level 4. HP: 28/42 MP: 6/6
  1956 | D:3      | Reached skill level 1 in Poison Magic
  1959 | D:3      | Reached XP level 5. HP: 17/48 MP: 8/8
  2160 | D:3      | Learned a level 2 spell: Poisonous Vapours
  2677 | D:4      | Noticed Edmund
  2677 | D:4      | Noticed a phantom
  2744 | D:3      | Killed a phantom
  2745 | D:3      | Reached XP level 6. HP: 12/56 MP: 9/9
  3011 | Abyss:1  | Cast into level 1 of the Abyss (Edmund)
  3151 | Abyss:1  | Noticed a neqoxec
  3158 | Abyss:1  | Noticed a large abomination
  3158 | Abyss:1  | Noticed a large abomination
  3160 | Abyss:1  | Noticed an ice beast
  3178 | Abyss:1  | Noticed a large abomination
  3181 | Abyss:1  | Noticed a ynoxinul
  3186 | Abyss:1  | Noticed a tentacled starspawn
  3193 | Abyss:1  | HP: 1/56 [ynoxinul (3)]
  3194 | Abyss:1  | Slain by an ice beast

Illustrated notes

Levels and vault maps discovered:
D:1:      nicolae_arrival_somewhat_less_tricky_arrival, layout_basic
D:2:      layout_basic, dilly_ecumenical_altar_fadedgnrine,
          minmay_joined_circles
D:3:      minmay_skewed_foursquare, layout_rooms, corexii_shack, minmay_rat_hole
D:4:      layout_loops_cross, nicolae_elyvilon_peaceful_grove,
          minmay_temple_entry_from_below_a, uniq_edmund
Abyss:1:  base:
D:1

Skill      XL: |  1  2  3  4  5 |
---------------+----------------+-----
Fighting       | 4 5 |  5.0
Spellcasting   | 1 2 |  2.0
Poison Magic   | 1 3 |  3.7
Maces & Flails | |  2.1
Armour         | |  3.2
Shields        | |  3.2

Action                     |  1- 3 |  4- 6 || total
---------------------------+-------+-------++-------
  Melee: Flail             |   102 |   216 ||   318
    Use: Potion            |       |     1 ||     1
 Armour: Scale mail        |    54 |    93 ||   147
         Leather armour    |    13 |    18 ||    31
  Dodge: Dodged            |    58 |   118 ||   176
  Block: Buckler           |    25 |    52 ||    77

Table legend: (Time is in decaauts)
 A = Elapsed time spent in this place.
 B = Non-inter-level travel time spent in this place.
 C = Inter-level travel time spent in this place.
 D = Time resting spent in this place.
 E = Time spent auto-exploring this place.
 F = Levels seen in this place.
 G = Mean time per level.
                   A        B        C        D        E       F      G
               +--------+--------+--------+--------+--------+-----+--------+
         Total |   3299 |   3224 |     75 |    683 |   1683 |   5 |  659.8 |
       Dungeon |   3113 |   3038 |     75 |    544 |   1683 |   4 |  778.2 |
         Abyss |    185 |    185 |      0 |    139 |      0 |   1 |  185.0 |
               +--------+--------+--------+--------+--------+-----+--------+

Top non-repeatable levels by time:
     D:3: 1178 daAuts
     D:1: 961 daAuts
     D:2: 866 daAuts
 Abyss:1: 185 daAuts
     D:4: 108 daAuts
